 Dungeon Crawl Stone Soup version 0.19.1-1-g22dce08 (webtiles) character file.

210 TryAgain the Conjurer (level 5, -3/35 HPs)
             Began as a Demonspawn Conjurer on Jan 20, 2017.
             Slain by a worker ant (6 damage)
             ... on level 4 of the Dungeon.
             The game lasted 00:10:46 (2506 turns).

TryAgain the Conjurer (Demonspawn Conjurer)         Turns: 2506, Time: 00:10:46

Health: -3/35      AC:  3    Str:  8    XL:     5   Next: 57%
Magic:  1/10       EV: 13    Int: 18    God:
Gold:   106        SH:  0    Dex: 15    Spells: 2 memorised, 5 levels left

rFire  + . .     SeeInvis .     i - +0 dagger
rCold  + . .     Gourm    .     p - +0 leather armour (curse)
rNeg   . . .     Faith    .     (no shield)
rPois  +         Spirit   .     (no helmet)
rElec  +         Reflect  .     (no cloak)
rCorr  +         Harm     .     (no gloves)
MR     .....                    (no boots)
Stlth  ++........               (no amulet)
                                (no ring)
                                d - +2 ring of dexterity

@: resistant
A: claws 1, talons 1
a: no special abilities


You were on level 4 of the Dungeon.
You were not hungry.

You visited 1 branch of the dungeon, and saw 4 of its levels.

You collected 106 gold pieces.

Inventory:

Hand Weapons
 i - a +0 dagger (weapon)
Armour
 p - a cursed +0 leather armour (worn)
Jewellery
 d - a +2 ring of dexterity (left claw)
Scrolls
 a - a scroll of fear {unknown}
 g - a scroll of random uselessness {unknown}
Potions
 j - a potion of brilliance {unknown}
 l - 2 potions of might
 o - a potion of heal wounds {unknown}
Books
 b - a book of Conjurations

   Spells                             Type                      Level
   a - Magic Dart                     Conjuration                  1
   b - Searing Ray                    Conjuration                  2
   c - Dazzling Spray                 Conjuration/Hexes            3
   d - Fulminant Prism                Conjuration/Hexes            4
   e - Iskenderun's Mystic Blast      Conjuration                  4
   f - Iskenderun's Battlesphere      Conjuration/Charms           5
 m - a book of Misfortune

   Spells                             Type                      Level
   a - Confusing Touch                Hexes                        1
   b - Confuse                        Hexes                        3
   c - Gell's Gravitas                Hexes/Translocation          3
   d - Petrify                        Transmutation/Earth          4
   e - Metabolic Englaciation         Hexes/Ice                    5
   f - Yara's Violent Unravelling     Hexes/Transmutation          5
Comestibles
 c - 2 bread rations
 f - a slice of pizza
 k - a meat ration
 q - a beef jerky


   Skills:
 + Level 3.1 Dodging
 - Level 1.7 Stealth
 + Level 3.4 Spellcasting
 + Level 5.0 Conjurations
 + Level 1.3 Hexes


You had 5 spell levels left.
You knew the following spells:

 Your Spells              Type           Power        Failure   Level  Hunger
a - Magic Dart            Conj           ###.         3%          1    None
b - Fulminant Prism       Conj/Hex       ##........   65%         4    ####...


Dungeon Overview and Level Annotations

Branches:
Dungeon (4/15)
 Temple: D:4-7

Altars:
Uskayaw

Annotations:
D:3 Thrillho's ghost, amateur KoBe


Innate Abilities, Weirdness & Mutations

You have sharp fingernails.
You have sharp toenails.


Message History

The worker ant barely misses you.
You completely miss the worker ant. Your kick misses the worker ant.
The worker ant is heavily wounded.
The worker ant bites you.
* * * LOW HITPOINT WARNING * * *
Casting: Magic Dart
Confirm with . or Enter, or press ? or * to list all spells.
Aiming: Magic Dart
Press: ? - help, Shift-Dir - straight line, f/p - worker ant
Aim: a worker ant (heavily wounded)
The magic dart hits the worker ant.
The worker ant is almost dead.
The worker ant bites you.
* * * LOW HITPOINT WARNING * * *
The worker ant closely misses you.
The worker ant waves its antennae.
There is an open door here.
There is an open door here.
The worker ant bites you.
You die...

#......##.#.#
#...#..<..#.###
+.............#
##.....##.#.###
##....##'#####
#######.<.........#
#.........#.......#
#......†..#.......#
#.........#..@....#
#.<.......###a#####
#.........'...#
#.........###)#
#.........# #.#
#.........# #.#
########### #.# #.#
#.#


You could see a worker ant.

Vanquished Creatures
  A bullfrog (D:4)
  An orc wizard (D:2)
  A hound skeleton (D:4)
  6 adders
  A worm (D:2)
  A dart slug (D:1)
  2 leopard geckos
  A ball python (D:2)
  A giant cockroach (D:4)
  5 goblins (D:2)
  2 hobgoblins (D:2)
  3 kobolds
  5 quokkas
  10 bats
  5 frilled lizards
  4 rats
49 creatures vanquished.

Notes
Turn   | Place    | Note
-------+----------+-------------------------------------------
     0 | D:1      | TryAgain the Demonspawn Conjurer began the quest for the Orb.
     0 | D:1      | Reached XP level 1. HP: 13/13 MP: 3/3
   434 | D:1      | Gained mutation: You have sharp fingernails. [demonic ancestry]
   434 | D:1      | Reached XP level 2. HP: 19/19 MP: 1/5
  1111 | D:2      | Found a hide-covered altar of Uskayaw.
  1235 | D:2      | Gained mutation: You have sharp toenails. [demonic ancestry]
  1235 | D:2      | Reached XP level 3. HP: 24/24 MP: 3/6
  1834 | D:2      | Reached XP level 4. HP: 25/30 MP: 0/8
  2165 | D:2      | Learned a level 4 spell: Fulminant Prism
  2180 | D:3      | Noticed Thrillho's ghost (amateur KoBe)
  2451 | D:4      | Reached XP level 5. HP: 7/35 MP: 5/9
  2465 | D:4      | Reached skill level 5 in Conjurations
  2465 | D:4      | Reached skill level 1 in Hexes
  2506 | D:4      | Slain by a worker ant

Skill      XL: |  1  2  3  4  5 |
---------------+----------------+-----
Dodging        | 2 3 |  3.1
Spellcasting   | 3 |  3.4
Conjurations   | 5 |  5.0
Hexes          | 1 |  1.3
Stealth        | |  1.7

Action                   |  1- 3 |  4- 6 || total
-------------------------+-------+-------++-------
Melee: Unarmed           |     9 |       ||     9
       Dagger            |    26 |    30 ||    56
       Kick              |     4 |     6 ||    10
 Cast: Magic Dart        |    69 |    57 ||   126
  Use: Scroll            |     4 |       ||     4
       Potion            |       |     2 ||     2
  Eat: Chunk             |     3 |     2 ||     5
Armor: Robe              |     7 |       ||     7
       Leather armour    |     3 |     7 ||    10
Dodge: Dodged            |    28 |    30 ||    58
